 Dungeon Crawl Stone Soup version 0.17.0-24-gcfadda4 (webtiles) character file.

100 septik the Magician (level 4, -1/40 HPs)
             Began as a High Elf Fire Elementalist on Nov 16, 2015.
             Killed from afar by an orc wizard (7 damage)
             ... with a magic dart
             ... on level 3 of the Dungeon.
             The game lasted 00:09:40 (2235 turns).

septik the Magician (High Elf Fire Elementalist)    Turns: 2235, Time: 00:09:40

Health: -1/40      AC: 22    Str:  7    XL:     4   Next: 46%
Magic:  3/11       EV:  2    Int: 20    God:
Gold:   123        SH:  0    Dex: 15    Spells: 3 memorised, 3 levels left

rFire  . . .     SeeInvis .     h - +0 club
rCold  . . .     Clarity  .     (armour currently unavailable)
rNeg   + + +     SustAt   .     (no shield)
rPois  +         Gourm    .     (helmet currently unavailable)
rElec  .         Spirit   .     (cloak currently unavailable)
rCorr  .         Warding  .     (gloves currently unavailable)
rMut   .         NoTele   +     (boots currently unavailable)
MR     .....                    (no amulet)
Stlth  +++.......               (no ring)
                                g - ring of poison resistance

@: tree-form, slowed, very slow, not resistant to hostile enchantments, fairly
stealthy
A: no striking features
a: no special abilities


You were on level 3 of the Dungeon.
You were hungry.
You were a tree.
You visited 1 branch of the dungeon, and saw 3 of its levels.

You collected 123 gold pieces.

Inventory:

Hand Weapons
 h - a +0 club (weapon)
Missiles
 f - 97 stones (quivered)
Armour
 a - a +0 robe (melded)
Jewellery
 g - a ring of poison resistance (left branch)
Scrolls
 e - 2 scrolls of identify {unknown}
 k - 2 scrolls of teleportation {unknown}
 m - a scroll of enchant weapon {unknown}
 n - a scroll of recharging {unknown}
 p - a scroll of remove curse {unknown}
 q - a scroll of magic mapping {unknown}
 r - a scroll of random uselessness {unknown}
Potions
 j - a potion of agility {unknown}
 l - a potion of lignification
 o - a potion of beneficial mutation {unknown}
 s - a potion of curing {unknown}
Books
 b - a book of Flames

   Spells                             Type                      Level
   a - Flame Tongue                   Conjuration/Fire             1
   b - Throw Flame                    Conjuration/Fire             2
   c - Conjure Flame                  Conjuration/Fire             3
   d - Inner Flame                    Hexes/Fire                   3
   e - Sticky Flame                   Conjuration/Fire             4
   f - Fireball                       Conjuration/Fire             5
Comestibles
 c - a bread ration
 d - 2 fruits


   Skills:
 - Level 2.1 Dodging
 - Level 2.1 Stealth
 * Level 4.1 Spellcasting
 + Level 2.3 Conjurations
 + Level 3.7 Fire Magic


You had 3 spell levels left.
You knew the following spells:

 Your Spells              Type           Power        Failure   Level  Hunger
a - Flame Tongue          Conj/Fire      ###..        3%          1    None
b - Conjure Flame         Conj/Fire      ###.....     12%         3    ###....
c - Sticky Flame          Conj/Fire      ###.....     38%         4    ####...


Dungeon Overview and Level Annotations

Branches:
Dungeon (3/15)

Altars:
Trog
Yredelemnul

Annotations:
D:3 Natasha


Message History

* * * LOW HITPOINT WARNING * * *
Casting: Flame Tongue
Confirm with . or Enter, or press ? or * to list all spells.
You don't have enough magic to cast that spell.
Casting: Flame Tongue
Confirm with . or Enter, or press ? or * to list all spells.
Aiming: Conjure Flame
Press: ? - help, Dir - move target cursor, f/p - orc wizard
Aim: an orc wizard, wielding a dagger and wearing a robe (heavily wounded)
Okay, then.
Unknown command.
Casting: Conjure Flame
Confirm with . or Enter, or press ? or * to list all spells.
You don't have enough magic to cast that spell.
You barely miss the orc wizard.
The orc wizard is heavily wounded.
The orc hits you but does no damage. The orc wizard casts a spell at you.
The magic dart hits you!
You die...

#.....###
#o..o.o')....
##......##
#.######.....
###.....# #.#
#.....
###...########.#
###...
##...##..§o..#
.?.
#...##.######
... #...##o# ...
##...#o# .
#...#♣# ##..#o#
#....# ######
##### #....
#.... #....


You could see an orc wizard and 2 orcs.

Vanquished Creatures
  4 adders
  An ooze (D:1)
  A giant gecko (D:3)
  4 orcs
  9 bats
  6 giant cockroaches
  2 gnoll zombies (D:2)
  3 hobgoblins
  3 jackals (D:3)
  4 quokkas (D:2)
  A ball python (D:2)
  3 giant newts
  3 goblins
  7 kobolds
  5 rats
56 creatures vanquished.

Notes
Turn   | Place    | Note
--------------------------------------------------------------
     0 | D:1      | septik the High Elf Fire Elementalist began the quest for the Orb.
     0 | D:1      | Reached XP level 1. HP: 11/11 MP: 4/4
   363 | D:1      | Reached XP level 2. HP: 17/17 MP: 4/6
   877 | D:2      | Found a bloodstained altar of Trog.
   882 | D:2      | Reached XP level 3. HP: 21/21 MP: 4/8
   887 | D:2      | Learned a level 3 spell: Conjure Flame
  1544 | D:2      | Found a basalt altar of Yredelemnul.
  1749 | D:3      | Reached XP level 4. HP: 25/27 MP: 3/10
  1873 | D:3      | Reached skill level 4 in Spellcasting
  1927 | D:3      | Noticed Natasha
  1995 | D:3      | Learned a level 4 spell: Sticky Flame
  2235 | D:3      | Killed from afar by an orc wizard

Action                   |  1- 3 |  4- 6 || total
-------------------------+-------+-------++-------
Melee: Unarmed           |     1 |       ||     1
       Club              |    22 |    13 ||    35
Throw: Stone             |     6 |     1 ||     7
 Cast: Flame Tongue      |    72 |    32 ||   104
       Conjure Flame     |     4 |     3 ||     7
  Use: Potion            |       |     1 ||     1
  Eat: Chunk             |     3 |     1 ||     4
